Map: 어센션 투 아이어 - 래더

Players

Vanya

  • Race: Zerg Zerg
  • League: Grandmaster
  • Spawn Location: 5:00

lIlIlIlIlIlI - Winner!

  • Race: Terran Terran
  • League: Grandmaster
  • Spawn Location: 11:00

VOD

Have the link to the VOD?

Description

Time

  • Played on: Dec. 11, 2017, 2:08 p.m.
  • Length: 24:14
Show
View Real Time Build Order
Export as new Build Order

Vanya Zerg 

Build Orders: Hatch First, Muta Ling Bane 

Get SALT Encoding   

  12  0:01  Drone  
  13  0:13  Overlord  
  13  0:17  Drone  
  14  0:33  Drone x2  
  16  0:38  Drone  
  17  0:53  Hatchery  
  17  0:55  Drone  
  17  0:58  Drone  
  18  1:09  Extractor  
  17  1:13  Spawning Pool  
  17  1:17  Drone  
  17  1:20  Drone  
  18  1:29  Drone  
  19  1:39  Overlord  
  19  2:02  Queen  
  19  2:03  Zergling x4  
  19  2:07  Zergling x2, Queen  
  26  2:10  Metabolic Boost  
  26  2:12  Drone  
  27  2:16  Drone  
  28  2:28  Drone  
  28  2:29  Drone  
  30  2:40  Queen  
  32  2:47  Overlord, Queen  
  32  2:51  Overlord  
  34  2:52  Drone  
  34  2:53  Drone  
  36  3:10  Drone x2  
  36  3:11  Drone  
  36  3:12  Drone, Overlord  
  40  3:17  Drone x2  
  40  3:18  Drone  
  40  3:19  Drone  
  44  3:32  Queen  
  46  3:37  Hatchery, Queen  
  46  3:40  Drone  
  48  3:47  Overlord  
  48  3:51  Drone x2  
  50  3:57  Drone x2  
  50  3:59  Extractor  
  50  4:01  Drone  
  52  4:07  Drone x3  
  55  4:15  Evolution Chamber  
  55  4:16  Evolution Chamber, Drone x3  
  56  4:23  Overlord  
  56  4:27  Drone  
  56  4:28  Drone  
  56  4:29  Spore Crawler  
  56  4:30  Spore Crawler  
  56  4:31  Drone x3  
  56  4:35  Drone  
  60  4:45  Zerg Ground Armor Level 1, Zerg Melee Weapons Level 1  
  60  4:46  Drone x4  
  60  4:50  Spore Crawler  
  63  4:55  Queen  
  66  5:00  Drone x3  
  66  5:03  Lair  
  66  5:06  Zergling x6  
  71  5:07  Drone  
  71  5:10  Drone  
  73  5:14  Drone  
  74  5:26  Overlord, Extractor x2  
  74  5:27  Drone x2  
  74  5:29  Drone, Extractor x2  
  73  5:36  Drone  
  73  5:39  Overlord x5  
  73  5:41  Baneling Nest  
  73  5:45  Drone  
  73  5:48  Drone x2  
  74  5:50  Drone x2  
  71  5:57  Drone x2  
  71  5:58  Drone  
  72  6:05  Drone  
  72  6:06  Drone x4  
  72  6:08  Drone x2  
  79  6:12  Drone x2  
  79  6:15  Drone, Infestation Pit  
  79  6:17  Overseer  
  81  6:21  Hatchery  
  80  6:27  Baneling x4, Centrifical Hooks  
  80  6:28  Baneling  
  80  6:29  Drone x2  
  82  6:35  Drone  
  82  6:38  Zergling x2  
  82  6:39  Hatchery  
  83  6:41  Zergling x4  
  83  6:42  Zergling x2  
  83  6:44  Zergling x2  
  83  6:45  Zergling x2  
  88  6:48  Zergling x2  
  88  6:51  Zergling x2  
  88  6:53  Zergling x8  
  94  6:55  Zergling x4  
  94  6:58  Zergling x6  
  94  7:00  Zergling x2  
  94  7:01  Zergling x2  
  101  7:07  Zergling x2  
  99  7:08  Zergling x2  
  99  7:13  Zergling x4  
  101  7:20  Overlord  
  98  7:24  Zergling x4  
  98  7:26  Hatchery  
  95  7:32  Zergling x4  
  95  7:34  Zergling x2, Queen  
  100  7:39  Baneling x6  
  100  7:40  Zergling x2  
  100  7:42  Zergling x2  
  102  7:44  Zerg Ground Armor Level 2, Zerg Melee Weapons Level 2  
  102  7:46  Drone  
  103  7:57  Zergling x4  
  97  7:59  Zergling x2  
  97  8:00  Zergling x4  
  97  8:01  Zergling x4  
  97  8:03  Zergling x6  
  94  8:05  Zergling x2  
  94  8:08  Lair  
  94  8:10  Spire, Zergling x2  
  95  8:13  Zergling x2  
  95  8:18  Zergling x4  
  93  8:29  Zergling x2  
  93  8:30  Zergling x8  
  98  8:38  Drone x2  
  100  8:47  Baneling, Hatchery  
  100  8:48  Baneling x5  
  99  8:49  Hatchery  
  98  8:57  Baneling  
  98  8:58  Baneling x8  
  98  9:00  Drone x5  
  98  9:01  Drone x5  
  98  9:02  Drone  
  109  9:03  Drone  
  110  9:21  Mutalisk x6  
  122  9:27  Zerg Flyer Weapons Level 1  
  120  9:32  Mutalisk  
  120  9:40  Drone x5  
  120  9:42  Mutalisk  
  120  9:43  Extractor  
  120  9:45  Extractor  
  122  9:46  Mutalisk x3  
  122  9:47  Zergling x4  
  122  9:50  Drone x3  
  133  9:56  Hive  
  133  9:58  Baneling x2  
  133  9:59  Baneling  
  133  10:01  Mutalisk  
  133  10:02  Zergling x2  
  136  10:14  Zergling x18  
  137  10:16  Baneling x4  
  137  10:20  Mutalisk  
  147  10:28  Overlord x2  
  147  10:29  Overlord  
  147  10:37  Overlord  
  147  10:38  Overlord  
  147  10:40  Overlord  
  147  10:41  Overlord  
  141  10:52  Drone x3  
  141  10:53  Drone x2  
  141  10:54  Drone x4  
  148  10:59  Zergling x4  
  148  11:03  Zergling x2  
  149  11:05  Zergling x4  
  149  11:07  Zergling x4  
  149  11:08  Zergling x4  
  149  11:09  Swarm Host  
  151  11:11  Zergling x2  
  151  11:12  Baneling, Zergling x10  
  151  11:13  Baneling x8  
  151  11:16  Zerg Melee Weapons Level 3  
  157  11:23  Drone x3  
  160  11:26  Zerg Ground Armor Level 3  
  160  11:27  Ultralisk Cavern  
  159  11:34  Baneling  
  159  11:35  Baneling x4  
  142  11:51  Zergling x2  
  142  11:53  Zergling x4  
  145  12:00  Drone x3  
  145  12:01  Drone x4  
  150  12:02  Drone x3  
  155  12:14  Chitinous Plating  
  167  12:15  Ultralisk x2  
  167  12:16  Zergling x8, Ultralisk  
  167  12:17  Zergling x6  
  180  12:27  Ultralisk, Zergling x4  
  180  12:28  Zergling x2  
  189  12:32  Overlord, Zergling x6  
  192  12:38  Hatchery  
  192  12:42  Baneling  
  192  12:43  Baneling x3  
  191  12:53  Zergling x4  
  196  13:08  Zergling x6  
  196  13:16  Ultralisk, Zergling x2  
  200  13:23  Overlord  
  200  13:24  Overlord x2  
  194  13:35  Baneling x6  
  117  13:56  Zergling x2  
  117  13:57  Zergling x16, Corruptor x6  
  117  13:58  Zergling x12, Corruptor x2  
  146  14:03  Ultralisk x2  
  146  14:04  Zergling x8  
  159  14:14  Zergling x10, Queen  
  159  14:15  Queen x3  
  159  14:16  Drone  
  173  14:19  Baneling x9  
  173  14:21  Corruptor  
  173  14:24  Corruptor x2  
  179  14:32  Corruptor x2  
  179  14:36  Zerg Flyer Weapons Level 2  
  183  14:43  Baneling  
  183  14:44  Baneling x7  
  183  14:57  Zergling x4  
  183  14:58  Overlord, Zergling x2  
  183  14:59  Overlord  
  186  15:03  Ultralisk, Zergling x4  
  182  15:10  Adrenal Glands  
  182  15:12  Corruptor x2  
  182  15:13  Zergling x2  
  183  15:14  Zergling x8  
  187  15:24  Ultralisk, Zergling x2  
  187  15:25  Zergling x10  
  199  15:43  Hatchery  
  174  16:02  Zergling x18  
  174  16:03  Zergling x16  
  179  16:07  Zergling x8  
  179  16:08  Zergling x6  
  164  16:12  Ultralisk x3  
  182  16:28  Zergling x2  
  182  16:29  Zergling x22  
  194  16:36  Ultralisk  
  200  16:49  Baneling x9  
  200  16:50  Baneling x6  
  200  17:08  Baneling x11  
  200  17:11  Zergling x2  
  200  17:14  Greater Spire  
  199  17:20  Baneling x8  
  199  17:33  Zergling x2  
  199  17:35  Drone, Extractor x2  
  199  17:45  Drone  
  199  17:47  Extractor  
  199  17:48  Overlord x2  
  199  18:03  Corruptor  
  199  18:04  Zergling x12  
  160  18:16  Zergling x2  
  160  18:17  Zergling x36  
  137  18:28  Zergling x2  
  137  18:29  Zergling x12  
  144  18:38  Brood Lord  
  144  18:39  Brood Lord x3  
  144  18:40  Brood Lord x4  
  156  18:41  Brood Lord x3  
  156  18:42  Brood Lord x2  
  156  18:43  Corruptor x2  
  156  18:44  Queen x2  
  156  18:45  Zergling x2  
  156  18:46  Zergling x10  
  180  18:51  Zergling x4  
  181  19:08  Corruptor x4  
  188  19:12  Corruptor  
  183  19:18  Corruptor  
  183  19:21  Corruptor x2  
  187  19:29  Extractor, Hatchery, Corruptor  
  176  19:40  Corruptor  
  176  19:41  Corruptor  
  176  19:42  Queen x2  
  171  19:47  Queen  
  171  19:48  Corruptor x3  
  171  19:53  Zergling x4  
  171  19:55  Corruptor  
  171  19:56  Zergling x4  
  171  19:57  Queen  
  171  19:58  Queen  
  169  20:00  Zergling x2  
  169  20:01  Zergling x2  
  169  20:03  Zergling x4  
  169  20:06  Corruptor  
  163  20:14  Corruptor  
  163  20:19  Corruptor x2  
  169  20:29  Extractor  
  169  20:32  Drone x4  
  172  20:38  Zerg Flyer Armor Level 1  
  172  20:40  Corruptor  
  171  20:48  Corruptor x2  
  166  20:59  Corruptor x2  
  166  21:01  Extractor  
  166  21:02  Corruptor  
  171  21:05  Corruptor  
  173  21:12  Zerg Missile Weapons Level 1  
  173  21:17  Corruptor  
  173  21:18  Corruptor  
  177  21:20  Corruptor  
  179  21:28  Corruptor  
  179  21:31  Corruptor  
  183  21:36  Brood Lord  
  185  21:41  Brood Lord  
  187  21:53  Brood Lord  
  189  21:57  Corruptor x2  
  193  22:01  Corruptor x2  
  193  22:05  Hatchery  
  193  22:06  Zergling x8  
  200  22:12  Spine Crawler x2  
  189  22:31  Drone  
  189  22:32  Drone x4  
  189  22:33  Drone x2  
  189  22:34  Corruptor x2  
  196  22:45  Corruptor  
  197  22:58  Drone x4  
  188  22:59  Drone x4  
  188  23:00  Drone x5  
  80  23:44  Mutalisk x14  
  80  23:45  Mutalisk x6  
  104  24:06  Hatchery  
Show
View Real Time Build Order
Export as new Build Order

lIlIlIlIlIlI Terran - Winner!

Build Orders: Liberator Opening, Reaper Expand, Bio Tank 

Get SALT Encoding   

  12  0:00  SCV  
  13  0:13  SCV  
  14  0:17  Supply Depot  
  14  0:25  SCV  
  15  0:39  SCV  
  15  0:40  Barracks  
  16  0:45  Refinery  
  16  0:51  SCV  
  17  1:04  SCV  
  18  1:16  SCV  
  19  1:28  Reaper, Orbital Command  
  20  1:39  Command Center  
  20  1:50  Supply Depot  
  20  1:54  SCV  
  21  2:00  Marine  
  22  2:06  SCV  
  22  2:08  Factory  
  23  2:12  Refinery  
  23  2:18  SCV  
  23  2:22  Barracks Reactor  
  24  2:30  SCV  
  25  2:42  SCV  
  26  2:52  Starport, Orbital Command  
  26  2:54  SCV  
  27  3:04  Hellion x2  
  31  3:06  SCV  
  31  3:07  Barracks Tech Lab  
  32  3:18  SCV x2  
  34  3:23  Supply Depot  
  34  3:25  Hellion  
  34  3:26  Hellion  
  38  3:30  SCV  
  38  3:31  SCV  
  38  3:33  Barracks Tech Lab  
  40  3:34  Viking  
  42  3:42  SCV  
  42  3:43  SCV  
  42  3:46  Supply Depot  
  44  3:51  Liberator  
  44  3:52  Marine  
  44  3:53  Stimpack  
  44  3:54  SCV  
  44  3:55  SCV  
  47  4:04  Command Center  
  47  4:09  SCV  
  51  4:10  SCV  
  51  4:12  Marine  
  53  4:21  SCV  
  53  4:22  SCV  
  55  4:25  Supply Depot  
  55  4:30  Factory Reactor  
  55  4:31  Barracks  
  55  4:32  Marine, Barracks  
  55  4:37  SCV x2  
  58  4:44  Engineering Bay  
  58  4:47  Engineering Bay  
  58  4:49  SCV x2  
  58  4:52  Marine  
  60  4:55  Refinery  
  60  4:56  Refinery  
  61  5:01  SCV x2  
  63  5:09  Starport Reactor  
  63  5:10  Marine  
  63  5:13  Terran Infantry Armor Level 1, Terran Infantry Weapons Level 1, SCV x2  
  66  5:17  Orbital Command  
  66  5:21  Marine x2  
  66  5:23  Siege Tank  
  66  5:25  SCV x2  
  66  5:28  Marine  
  73  5:31  Marine x2  
  76  5:36  Supply Depot  
  76  5:37  SCV x2  
  76  5:39  Marine x2  
  76  5:40  Orbital Command  
  80  5:46  Marine  
  80  5:47  Supply Depot  
  80  5:49  Marine x2, SCV x2  
  83  5:51  Medivac  
  83  5:55  Medivac  
  82  5:59  Marine x2  
  82  6:01  SCV  
  82  6:02  SCV  
  82  6:04  Marine  
  81  6:07  Marine  
  81  6:08  SCV  
  81  6:10  Supply Depot  
  84  6:11  Combat Shields  
  84  6:13  SCV  
  84  6:14  SCV  
  86  6:19  Marine x3  
  86  6:20  SCV  
  86  6:21  Marine  
  86  6:23  Medivac  
  86  6:25  Medivac  
  95  6:26  SCV x2  
  98  6:32  SCV  
  98  6:33  Supply Depot  
  98  6:34  Supply Depot  
  98  6:40  Siege Tank, Barracks  
  98  6:41  Barracks  
  98  6:44  SCV x2  
  98  6:46  SCV  
  104  6:51  Marine  
  104  6:52  Marine x4  
  109  6:58  SCV x2  
  111  7:07  Medivac  
  111  7:08  Medivac  
  114  7:09  Marine x2  
  114  7:10  Refinery x2, Marine, SCV x3  
  114  7:12  Factory  
  119  7:18  Marine  
  119  7:19  Marine  
  120  7:26  Siege Tank  
  120  7:27  Marine  
  120  7:29  Marine x2  
  125  7:31  Barracks Reactor x2  
  125  7:36  Marine  
  125  7:41  Supply Depot  
  125  7:42  Supply Depot  
  125  7:43  Marine  
  126  7:44  Supply Depot, Armory x2  
  126  7:45  Command Center, Marine, Supply Depot  
  126  7:48  Marine x2  
  129  7:54  Marine  
  129  7:58  Siege Tank  
  129  8:01  Marine  
  129  8:03  Marine  
  132  8:05  Marine  
  132  8:06  Marine  
  132  8:07  Medivac x2, Factory Tech Lab  
  132  8:08  Marine x2  
  132  8:11  Supply Depot  
  132  8:12  Marine x3  
  143  8:13  Supply Depot  
  143  8:19  Marine  
  134  8:21  Marine  
  134  8:23  Marine  
  134  8:24  Marine  
  134  8:26  Marine x2  
  130  8:30  Marine x3  
  130  8:31  Siege Tank  
  136  8:35  Terran Infantry Weapons Level 2, Terran Infantry Armor Level 2  
  136  8:36  Marine  
  136  8:38  Marine  
  136  8:39  Terran Vehicle Weapons Level 1  
  138  8:41  Marine x2  
  138  8:43  Marine  
  138  8:44  Siege Tank, Marine  
  138  8:46  Supply Depot  
  138  8:47  Marine  
  138  8:48  Marine x2  
  148  8:54  Marine  
  149  8:56  Marine  
  149  8:58  Planetary Fortress  
  149  8:59  Marine x2, SCV x3  
  149  9:01  Marine  
  156  9:03  Siege Tank  
  159  9:11  Refinery, SCV x2  
  159  9:13  Marine x2  
  159  9:14  Marine x3  
  159  9:16  Siege Tank, Refinery  
  169  9:25  Command Center  
  169  9:26  Medivac x2  
  173  9:35  Siege Tank  
  176  9:43  Marine  
  170  9:46  Factory  
  170  9:47  Factory  
  170  9:48  Siege Tank  
  170  9:49  Factory, Marine x5  
  170  9:50  Marine x3  
  170  9:51  Factory  
  179  10:00  Marine  
  179  10:01  Missile Turret  
  179  10:03  Missile Turret  
  180  10:10  Armory  
  178  10:14  Thor  
  178  10:18  Missile Turret  
  178  10:19  Missile Turret  
  178  10:20  Missile Turret  
  184  10:23  Supply Depot, Missile Turret  
  184  10:26  Thor  
  184  10:27  Missile Turret  
  190  10:30  Missile Turret  
  190  10:33  Factory Tech Lab, Missile Turret x2  
  190  10:34  Factory Tech Lab x3, Missile Turret  
  190  10:35  Missile Turret  
  190  10:40  Orbital Command  
  186  10:44  Terran Vehicle Weapons Level 2  
  186  10:58  Terran Infantry Armor Level 3, Terran Infantry Weapons Level 3  
  186  10:59  Thor  
  185  11:05  Marine x2, Orbital Command  
  185  11:06  Marine x3  
  185  11:08  Thor  
  185  11:11  Terran Vehicle And Ship Armor Level 1  
  183  11:18  Siege Tank  
  186  11:22  Siege Tank  
  186  11:24  Refinery  
  189  11:28  Refinery  
  189  11:29  Thor  
  195  11:38  Thor  
  200  11:40  Orbital Command  
  200  11:46  Marine  
  172  11:47  Marine x8  
  172  11:48  Medivac  
  172  11:49  Medivac  
  172  11:52  Missile Turret  
  182  12:00  Missile Turret  
  182  12:03  Missile Turret  
  182  12:08  Siege Tank x3  
  185  12:09  Siege Tank  
  194  12:15  Siege Tank  
  194  12:22  Command Center  
  197  12:27  Siege Tank  
  197  12:28  Missile Turret  
  197  12:29  Missile Turret  
  200  12:38  Sensor Tower  
  197  13:08  Terran Vehicle Weapons Level 3  
  197  13:09  Terran Vehicle And Ship Armor Level 2  
  196  13:13  Starport x2  
  196  13:14  Fusion Core  
  196  13:20  Siege Tank  
  198  13:46  Marine  
  198  13:47  Siege Tank, Marine x8  
  198  13:48  Siege Tank x4  
  180  13:49  Medivac x2  
  180  13:52  Siege Tank  
  149  14:02  Starport Reactor, Liberator x2  
  140  14:03  Starport Tech Lab  
  140  14:04  Marine x6  
  140  14:05  Marine  
  140  14:09  Marine x2  
  144  14:19  Siege Tank  
  144  14:20  Siege Tank x3  
  144  14:22  Marine x7  
  169  14:26  Siege Tank, Liberator x2  
  169  14:28  Siege Tank  
  176  14:36  Advanced Ballistics  
  176  14:39  Refinery  
  176  14:41  Liberator  
  176  14:42  Refinery  
  180  14:46  Planetary Fortress  
  180  14:50  Missile Turret  
  180  14:52  Siege Tank x2, Missile Turret  
  186  14:54  Liberator  
  186  14:58  Liberator  
  189  15:00  Siege Tank x2  
  195  15:18  Siege Tank x2  
  195  15:27  Command Center  
  195  15:30  Viking x2  
  199  15:49  Siege Tank  
  199  15:50  Marine x2  
  199  15:51  Marine  
  199  15:54  Marine x3  
  199  15:55  Siege Tank x2  
  156  15:57  Thor  
  156  15:59  Siege Tank  
  156  16:00  Medivac  
  156  16:02  Medivac  
  162  16:05  Medivac  
  162  16:07  Medivac  
  162  16:09  Marine  
  162  16:11  Liberator  
  157  16:14  Siege Tank  
  157  16:15  Liberator  
  160  16:18  Terran Ship Weapons Level 1  
  160  16:23  Terran Vehicle And Ship Armor Level 3  
  163  16:36  Siege Tank  
  169  16:40  Liberator  
  169  16:41  Siege Tank  
  169  16:42  Liberator  
  169  16:45  Liberator  
  169  16:46  Siege Tank  
  175  16:48  Siege Tank  
  175  16:52  Orbital Command  
  184  17:08  Siege Tank  
  190  17:10  Siege Tank  
  190  17:14  Siege Tank  
  196  17:21  Siege Tank  
  199  17:57  Viking  
  199  18:05  Marine  
  161  18:14  Siege Tank x2  
  161  18:15  Marine  
  161  18:16  Marine x2  
  161  18:17  Marine x3  
  161  18:18  Siege Tank x2  
  161  18:21  Marine x2  
  161  18:22  Marine  
  161  18:27  Siege Tank x2  
  161  18:29  Viking x5  
  161  18:31  Terran Ship Weapons Level 2  
  161  18:33  Marine  
  172  18:46  Siege Tank x2  
  178  18:50  Siege Tank x2  
  187  18:58  Viking  
  187  18:59  Viking x4  
  187  19:01  Siege Tank  
  196  19:18  Siege Tank  
  191  19:25  Siege Tank x2  
  191  19:28  Viking  
  191  19:29  Viking  
  181  19:33  Thor  
  175  19:47  Viking x3  
  175  19:49  Marine x2  
  175  19:51  Marine  
  182  19:59  Marine  
  171  20:00  Marine x2  
  171  20:03  Viking  
  171  20:04  Orbital Command  
  164  20:10  Viking  
  158  20:17  Viking  
  158  20:20  Viking x2  
  157  20:26  Starport  
  148  20:33  Viking  
  150  20:40  Viking  
  152  20:47  Viking  
  152  20:49  Siege Tank  
  138  20:50  Siege Tank, Viking  
  138  20:53  Siege Tank  
  138  20:54  Marine  
  138  20:57  Marine x2  
  137  20:58  Marine x2  
  137  21:11  Liberator x4  
  137  21:14  Marine  
  137  21:15  Marine x3  
  137  21:16  Marine, Liberator x2  
  137  21:17  Marine, Liberator x2  
  141  21:22  Terran Ship Weapons Level 3  
  141  21:32  Marine  
  153  21:33  Marine  
  167  21:44  Missile Turret x5  
  167  21:45  Missile Turret  
  167  21:48  Refinery  
  167  21:50  Refinery  
  185  21:54  Liberator x4  
  167  21:57  Orbital Command  
  167  21:59  Liberator  
  167  22:12  Liberator x2  
  179  22:20  Missile Turret x2  
  179  22:21  Liberator  
  182  22:25  Missile Turret  
  190  22:48  Marine x2  
  190  22:49  Marine x5  
  196  22:54  Viking x2  
  198  23:02  Viking  
  198  23:03  Viking x2  
  200  23:12  Viking x2  
  198  23:13  Marine x3  
  198  23:18  Marine  
  195  23:21  Marine x2  
  195  23:24  Marine  
  198  23:30  Marine  
  190  23:34  Marine  
  190  23:37  Marine x2  
  190  23:41  Marine x2  
  187  23:42  Marine  
  192  23:48  Marine, SCV  
  192  23:49  SCV x4  
  192  23:52  Marine  
  192  23:54  Marine  
  192  23:55  Refinery  
Tags
 
Add a new tag
Caveats
  • Supply blocks, unpowered buildings, or Contaminate may cause inaccurate times.
  • Supply counts are checked every 10 seconds.